TOP OF THE 1ST |
West Palm Reds batting - Pitching for BlackIron Dragons : LHP Frederick Cesti
|
Pitching: LHP Frederick Cesti
|
|
Batting: LHB Jeff McKinney
|
0-0: Called Strike 0-1: Ball 1-1: Called Strike 1-2: Strikes out swinging
|
Batting: RHB Juan Vareas
|
0-0: Called Strike 0-1: Ball 1-1: Swinging Strike 1-2: DOUBLE (Groundball, 5L)
|
Batting: SHB Todd Smith
|
0-0: Ball Juan Vareas is caught stealing 3rd base 1-0: Swinging Strike 1-1: Foul Ball, location: 2F 1-2: Fly out, F8 (Flyball, 8RS)
|
Top of the 1st over - 0 run(s), 1 hit(s), 0 error(s), 0 left on base; West Palm 0 - BlackIron 0 |
BOTTOM OF THE 1ST |
BlackIron Dragons batting - Pitching for West Palm Reds : RHP Andy Hickey
|
Pitching: RHP Andy Hickey
|
|
Batting: RHB Dallas Blair
|
0-0: Ground out 6-3 (Groundball, 6)
|
Batting: RHB Ed Sims
|
0-0: Ball 1-0: Called Strike 1-1: Reached on error, E4 (Groundball, 34)
|
Batting: RHB Robert Buckley
|
0-0: Fly out, F7 (Flyball, 78S)
|
Batting: RHB Jonah Duncan
|
0-0: Called Strike 0-1: Ball 1-1: Called Strike 1-2: Ball 2-2: Strikes out swinging
|
Bottom of the 1st over - 0 run(s), 0 hit(s), 1 error(s), 1 left on base; West Palm 0 - BlackIron 0 |
TOP OF THE 2ND |
West Palm Reds batting - Pitching for BlackIron Dragons : LHP Frederick Cesti
|
Batting: SHB Francis Shaffer
|
0-0: Called Strike 0-1: Ball 1-1: Ground out 6-3 (Groundball, 6)
|
Batting: LHB Enrique Cortéz
|
0-0: Ball 1-0: Foul Ball, location: 2F 1-1: Ball 2-1: Swinging Strike 2-2: Strikes out swinging
|
Batting: LHB Jeff Doss
|
0-0: Ground out 4-3 (Groundball, 4M)
|
Top of the 2nd over - 0 run(s), 0 hit(s), 0 error(s), 0 left on base; West Palm 0 - BlackIron 0 |
BOTTOM OF THE 2ND |
BlackIron Dragons batting - Pitching for West Palm Reds : RHP Andy Hickey
|
Batting: LHB Brian Roy
|
0-0: Ball 1-0: Fly out, F8 (Flyball, 8RS)
|
Batting: RHB Edgardo Carrasco
|
0-0: Foul Ball, location: 2F 0-1: Swinging Strike 0-2: Foul Ball, location: 2F 0-2: Ball 1-2: DOUBLE (Line Drive, 9LS)
|
Batting: RHB Phil Jacobs
|
0-0: Called Strike 0-1: SINGLE (Line Drive, 56) Edgardo Carrasco to third
|
Batting: RHB José Colón
|
0-0: Called Strike 0-1: Called Strike 0-2: Strikes out looking
|
Batting: RHB Joaquín Rosales
|
0-0: Ball 1-0: SINGLE (Line Drive, 89S) Edgardo Carrasco scores Phil Jacobs to second Runner from 2nd tries for 3rd, OUT!
|
Bottom of the 2nd over - 1 run(s), 3 hit(s), 0 error(s), 1 left on base; West Palm 0 - BlackIron 1 |
TOP OF THE 3RD |
West Palm Reds batting - Pitching for BlackIron Dragons : LHP Frederick Cesti
|
Batting: RHB Félix García
|
0-0: Swinging Strike 0-1: Foul Ball, location: 2F 0-2: Ball 1-2: Strikes out swinging
|
Batting: LHB Bill Smith
|
0-0: Called Strike 0-1: SINGLE (Line Drive, 89S)
|
Batting: RHB Alejandro Martínez
|
0-0: Ball 1-0: Ball 2-0: Fly out, F4 (Popup, 4)
|
Batting: LHB Jeff McKinney
|
0-0: Foul Ball, location: 2F 0-1: Called Strike 0-2: Ball 1-2: Ball 2-2: Foul Ball, location: 2F 2-2: Strikes out swinging
|
Top of the 3rd over - 0 run(s), 1 hit(s), 0 error(s), 1 left on base; West Palm 0 - BlackIron 1 |
BOTTOM OF THE 3RD |
BlackIron Dragons batting - Pitching for West Palm Reds : RHP Andy Hickey
|
Batting: RHB Dallas Blair
|
0-0: Called Strike 0-1: Called Strike 0-2: Ball 1-2: Ball 2-2: Foul Ball, location: 2F 2-2: Ground out 6-3 (Groundball, 6)
|
Batting: RHB Ed Sims
|
0-0: Ball 1-0: Ball 2-0: Ball 3-0: Base on Balls
|
Batting: RHB Robert Buckley
|
0-0: Called Strike Ed Sims steals 2nd base 0-1: Ball 1-1: Swinging Strike 1-2: Ball 2-2: Strikes out looking
|
Batting: RHB Jonah Duncan
|
0-0: Called Strike 0-1: Called Strike 0-2: Foul Ball, location: 2F 0-2: Strikes out swinging
|
Bottom of the 3rd over - 0 run(s), 0 hit(s), 0 error(s), 1 left on base; West Palm 0 - BlackIron 1 |
TOP OF THE 4TH |
West Palm Reds batting - Pitching for BlackIron Dragons : LHP Frederick Cesti
|
Batting: RHB Juan Vareas
|
0-0: Foul Ball, location: 2F 0-1: Fly out, F5 (Popup, 15)
|
Batting: SHB Todd Smith
|
0-0: Ball 1-0: Foul Ball, location: 2F 1-1: Ball 2-1: Foul Ball, location: 2F 2-2: Foul Ball, location: 2F 2-2: Strikes out swinging
|
Batting: SHB Francis Shaffer
|
0-0: Ball 1-0: Called Strike 1-1: Foul Ball, location: 2F 1-2: Fly out, F9 (Flyball, 89M)
|
Top of the 4th over - 0 run(s), 0 hit(s), 0 error(s), 0 left on base; West Palm 0 - BlackIron 1 |
BOTTOM OF THE 4TH |
BlackIron Dragons batting - Pitching for West Palm Reds : RHP Andy Hickey
|
Batting: LHB Brian Roy
|
0-0: Ball 1-0: Swinging Strike 1-1: Ball 2-1: Called Strike 2-2: Foul Ball, location: 2F 2-2: Ball 3-2: Foul Ball, location: 2F 3-2: Foul Ball, location: 2F 3-2: Base on Balls
|
Batting: RHB Edgardo Carrasco
|
0-0: Hit by Pitch Brian Roy to second
|
Batting: RHB Phil Jacobs
|
0-0: Foul Ball, location: 2F 0-1: Fly out, F9 (Flyball, 9D) Runner from 2nd tags up, SAFE at 3rd, no throw
|
Batting: RHB José Colón
|
0-0: Ball 1-0: Ball 2-0: Called Strike 2-1: Called Strike 2-2: Fly out, F8 (Flyball, 8RS)
|
Batting: RHB Joaquín Rosales
|
0-0: Ball 1-0: Ball 2-0: Ball 3-0: Called Strike 3-1: Base on Balls Edgardo Carrasco to second
|
Batting: RHB Dallas Blair
|
0-0: Ball 1-0: Ball 2-0: Ball 3-0: Called Strike 3-1: Base on Balls Brian Roy scores Edgardo Carrasco to third Joaquín Rosales to second
|
Batting: RHB Ed Sims
|
0-0: Ball 1-0: Foul Ball, location: 2F 1-1: Foul Ball, location: 2F 1-2: Ball 2-2: Fly out, F9 (Flyball, 9S)
|
Bottom of the 4th over - 1 run(s), 0 hit(s), 0 error(s), 3 left on base; West Palm 0 - BlackIron 2 |
TOP OF THE 5TH |
West Palm Reds batting - Pitching for BlackIron Dragons : LHP Frederick Cesti
|
Batting: LHB Enrique Cortéz
|
0-0: Ball 1-0: Ball 2-0: Ball 3-0: Called Strike 3-1: Base on Balls
|
Batting: LHB Jeff Doss
|
0-0: Ball 1-0: Ball 2-0: Called Strike 2-1: Foul Ball, location: 2F 2-2: Fly out, F7 (Flyball, 78S)
|
Batting: RHB Félix García
|
0-0: Ball 1-0: Called Strike 1-1: Ball 2-1: 2-RUN HOME RUN (Flyball, 7D), Distance : 408 ft
|
Batting: LHB Bill Smith
|
0-0: Swinging Strike 0-1: Ground out 4-3 (Groundball, 34)
|
Batting: RHB Alejandro Martínez
|
0-0: Ball 1-0: Ball 2-0: Ball 3-0: Called Strike 3-1: Base on Balls
|
Batting: LHB Jeff McKinney
|
0-0: Ball 1-0: Called Strike 1-1: Swinging Strike 1-2: Ball 2-2: Foul Ball, location: 2F 2-2: Strikes out looking
|
Top of the 5th over - 2 run(s), 1 hit(s), 0 error(s), 1 left on base; West Palm 2 - BlackIron 2 |
BOTTOM OF THE 5TH |
BlackIron Dragons batting - Pitching for West Palm Reds : RHP Andy Hickey
|
Batting: RHB Robert Buckley
|
0-0: Ball 1-0: Ground out 6-3 (Groundball, 6M)
|
Batting: RHB Jonah Duncan
|
0-0: Ball 1-0: DOUBLE (Flyball, 89XD)
|
Batting: LHB Brian Roy
|
0-0: Intentional Walk
|
Pitching: LHP Francisco Nieto
|
|
Batting: RHB Edgardo Carrasco
|
0-0: Foul Ball, location: 2F 0-1: Ball 1-1: Ball 2-1: Ball 3-1: Base on Balls Jonah Duncan to third Brian Roy to second
|
Batting: RHB Phil Jacobs
|
0-0: Ball 1-0: Fielders Choice at 2nd, 6-4 (Groundball, 56) Jonah Duncan scores Brian Roy to third
|
Batting: RHB José Colón
|
0-0: Swinging Strike 0-1: Ball 1-1: Fly out, F9 (Flyball, 9M)
|
Bottom of the 5th over - 1 run(s), 1 hit(s), 0 error(s), 2 left on base; West Palm 2 - BlackIron 3 |
TOP OF THE 6TH |
West Palm Reds batting - Pitching for BlackIron Dragons : LHP Frederick Cesti
|
Batting: RHB Juan Vareas
|
0-0: Ball 1-0: Ball 2-0: Called Strike 2-1: Foul Ball, location: 2F 2-2: Fly out, F9 (Flyball, 9M)
|
Batting: SHB Todd Smith
|
0-0: Ball 1-0: SINGLE (Line Drive, 9LS)
|
Batting: SHB Francis Shaffer
|
0-0: Ball 1-0: DOUBLE (Line Drive, 7D) Todd Smith to third Runner from 3rd tries for Home, SAFE, no throw or cutoff
|
Batting: LHB Enrique Cortéz
|
0-0: Called Strike 0-1: Ball 1-1: Ball 2-1: Ground out 4-3 (Groundball, 4) Francis Shaffer to third
|
Batting: LHB Jeff Doss
|
0-0: Ball 1-0: Ball 2-0: Ball 3-0: Base on Balls
|
Batting: RHB Félix García
|
0-0: Ball 1-0: Ball 2-0: SINGLE (Groundball, 6MD) Francis Shaffer scores Jeff Doss to second Runner from 2nd tries for 3rd, OUT!
|
Top of the 6th over - 2 run(s), 3 hit(s), 0 error(s), 1 left on base; West Palm 4 - BlackIron 3 |
BOTTOM OF THE 6TH |
BlackIron Dragons batting - Pitching for West Palm Reds : LHP Francisco Nieto
|
Batting: RHB Joaquín Rosales
|
0-0: Called Strike 0-1: Ball 1-1: Swinging Strike 1-2: Strikes out looking
|
Batting: RHB Dallas Blair
|
0-0: SINGLE (Groundball, 56D)
|
Batting: RHB Ed Sims
|
0-0: Ball 1-0: Foul Ball, location: 2F 1-1: Called Strike 1-2: Foul Ball, location: 2F 1-2: SINGLE (Line Drive, 8LS) Dallas Blair to second
|
Batting: RHB Robert Buckley
|
0-0: Called Strike 0-1: Ball 1-1: SINGLE (Flyball, 89S) Dallas Blair to third Ed Sims to second Runner from 3rd tries for Home, SAFE, no throw or cutoff
|
Batting: RHB Jonah Duncan
|
0-0: Called Strike 0-1: Called Strike 0-2: Ball 1-2: Foul Ball, location: 2F 1-2: Ball 2-2: Strikes out swinging
|
Batting: LHB Brian Roy
|
0-0: Called Strike 0-1: Swinging Strike 0-2: Strikes out swinging
|
Bottom of the 6th over - 1 run(s), 3 hit(s), 0 error(s), 2 left on base; West Palm 4 - BlackIron 4 |
TOP OF THE 7TH |
West Palm Reds batting - Pitching for BlackIron Dragons : LHP Frederick Cesti
|
Pitching: LHP Manny Luján
|
|
Pinch Hitting: RHB Carlos García
|
0-0: Ball 1-0: Ball 2-0: Called Strike 2-1: Swinging Strike 2-2: Strikes out looking
|
Batting: RHB Alejandro Martínez
|
0-0: Ball 1-0: Ball 2-0: Ball 3-0: Called Strike 3-1: Swinging Strike 3-2: Strikes out looking
|
Batting: LHB Jeff McKinney
|
0-0: Foul Ball, location: 2F 0-1: Swinging Strike 0-2: Ball 1-2: Foul Ball, location: 2F 1-2: Strikes out swinging
|
Top of the 7th over - 0 run(s), 0 hit(s), 0 error(s), 0 left on base; West Palm 4 - BlackIron 4 |
BOTTOM OF THE 7TH |
BlackIron Dragons batting - Pitching for West Palm Reds : LHP Francisco Nieto
|
Now at 1B: Carlos García
|
|
Batting: RHB Edgardo Carrasco
|
0-0: Ball 1-0: Ground out 4-3 (Groundball, 4)
|
Pitching: RHP Carlos Gonzáles
|
|
Pinch Hitting: LHB Leonard Young
|
0-0: Swinging Strike 0-1: Called Strike 0-2: Ball 1-2: Ball 2-2: Foul Ball, location: 2F 2-2: Fly out, F9 (Flyball, 89S)
|
Pinch Hitting: LHB Aurelio Torrez
|
0-0: Foul Ball, location: 2F 0-1: Ball 1-1: Fly out, F6 (Popup, 6M)
|
Bottom of the 7th over - 0 run(s), 0 hit(s), 0 error(s), 0 left on base; West Palm 4 - BlackIron 4 |
TOP OF THE 8TH |
West Palm Reds batting - Pitching for BlackIron Dragons : LHP Manny Luján
|
Now at 1B: Ramón Pérez
|
|
Now in LF: Aurelio Torrez
|
|
Batting: RHB Juan Vareas
|
0-0: Swinging Strike 0-1: Foul Ball, location: 2F 0-2: Ball 1-2: Ball 2-2: Ball 3-2: Base on Balls
|
Pinch Runner at 1st Jermaine Carter:
|
|
Batting: SHB Todd Smith
|
0-0: Called Strike 0-1: Ball 1-1: Ball 2-1: Swinging Strike 2-2: Fly out, F8 (Flyball, 8LXD) Runner from 1st tags up, OUT at 2nd
|
Pinch Hitting: RHB Juan López
|
0-0: Ball 1-0: Foul Ball, location: 2F 1-1: SINGLE (Groundball, 6MD)
|
Pinch Hitting: RHB Jack Ray
|
0-0: Called Strike 0-1: Fly out, F9 (Flyball, 9D)
|
Top of the 8th over - 0 run(s), 1 hit(s), 0 error(s), 1 left on base; West Palm 4 - BlackIron 4 |
BOTTOM OF THE 8TH |
BlackIron Dragons batting - Pitching for West Palm Reds : RHP Carlos Gonzáles
|
Now at 3B: Ánibal Martínez
|
|
Now in CF: Jermaine Carter
|
|
Now in RF: Juan López
|
|
Pinch Hitting: RHB Cole Ball
|
0-0: Called Strike 0-1: Foul Ball, location: 2F 0-2: Strikes out swinging
|
Batting: RHB Dallas Blair
|
0-0: Ball 1-0: SINGLE (Line Drive, 6MD)
|
Batting: RHB Ed Sims
|
0-0: Ball 1-0: Called Strike 1-1: Called Strike 1-2: Foul Ball, location: 2F 1-2: Foul Ball, location: 2F 1-2: Ball 2-2: Ball 3-2: Base on Balls Dallas Blair to second
|
Batting: RHB Robert Buckley
|
0-0: Called Strike 0-1: Ball 1-1: Fielders Choice at 2nd, 5-4 (Groundball, 56) Dallas Blair to third
|
Batting: RHB Jonah Duncan
|
0-0: Ball Passed Ball! Dallas Blair scores Robert Buckley to second 1-0: Called Strike 1-1: Swinging Strike 1-2: Strikes out looking
|
Bottom of the 8th over - 1 run(s), 1 hit(s), 0 error(s), 1 left on base; West Palm 4 - BlackIron 5 |
TOP OF THE 9TH |
West Palm Reds batting - Pitching for BlackIron Dragons : LHP Manny Luján
|
Pitching: RHP César Rúbio
|
|
Now at SS: Manuel Torres
|
|
Batting: LHB Jeff Doss
|
0-0: Ball 1-0: Called Strike 1-1: Foul Ball, location: 2F 1-2: Ball 2-2: Ball 3-2: Base on Balls
|
Batting: RHB Félix García
|
0-0: Ball 1-0: Sac Bunt - play at first, batter OUT! 1-4 Jeff Doss to second
|
Batting: RHB Carlos García
|
0-0: Ground out 6-3 (Groundball, 4M) Jeff Doss to third
|
Pinch Hitting: LHB Raúl Cordero
|
0-0: Called Strike 0-1: Foul Ball, location: 2F 0-2: Strikes out swinging
|
Top of the 9th over - 0 run(s), 0 hit(s), 0 error(s), 1 left on base; West Palm 4 - BlackIron 5 |
|